 Dungeon Crawl Stone Soup version 0.17-a0-1184-gb75be8f (webtiles) character file.

170 Fluffy the Slasher (level 5, 0/41 HPs)
             Began as a Demonspawn Gladiator on June 1, 2015.
             Killed by divine providence
             ... invoked by an orc priest
              (13 damage)
             ... on level 3 of the Dungeon.
             The game lasted 00:03:28 (3229 turns).

Fluffy the Slasher (Demonspawn Gladiator)           Turns: 3229, Time: 00:03:29

Health: 0/41       AC:  7    Str: 16    XL:     5   Next: 25%
Magic:  5/5        EV: 12    Int: 10    God:
Gold:   51         SH:  0    Dex: 13    Spells: 0 memorised, 4 levels left

rFire  . . .     SeeInvis .     a - +0 long sword
rCold  . . .     Clarity  .     j - +0 ring mail
rNeg   . . .     SustAt   .     (no shield)
rPois  .         Gourm    .     h - +0 helmet (curse)
rElec  .         Spirit   .     (no cloak)
rCorr  .         Warding  .     (no gloves)
rMut   .         Stasis   .     (no boots)
MR     .....                    (no amulet)
Stlth  +.........               (no ring)
                                (no ring)

@: not resistant to hostile enchantments, very unstealthy
A: claws 1, icy blue scales 1, rot immunity
a: no special abilities


You were on level 3 of the Dungeon.
You were not hungry.

You visited 1 branch of the dungeon, and saw 3 of its levels.

You collected 51 gold pieces.

Inventory:

Hand weapons
 a - a +0 long sword (weapon)
Missiles
 d - 3 throwing nets (quivered)
Armour
 h - a cursed +0 helmet (worn)
 j - a +0 ring mail (worn)
Scrolls
 f - a scroll of remove curse {unknown}
 g - a scroll of amnesia {unknown}
 k - a scroll of immolation {unknown}
 m - a scroll of noise {unknown}
Potions
 b - a potion of berserk rage {unknown}
 c - 2 potions of poison {unknown}
 i - a potion of magic {unknown}
 l - a potion of might {unknown}
Comestibles
 e - a bread ration
 n - a chunk of flesh


   Skills:
 + Level 3.2 Fighting
 + Level 3.6 Long Blades
 - Level 1.7 Throwing
 + Level 2.1 Armour
 + Level 3.4 Dodging


You had 4 spell levels left.
You didn't know any spells.

Dungeon Overview and Level Annotations

Branches:
Dungeon (3/15)

Altars:
Cheibriados
Kikubaaqudgha


Innate Abilities, Weirdness & Mutations

You have sharp fingernails.
You are partially covered in icy blue scales (AC +1).
You are immune to rotting.


Message History

You see here a scroll labeled REWKUA NITO.
You barely miss the orc. The orc hits you but does no damage.
You hit the orc but do no damage. The orc hits you with a whip.
You hit the orc.
The orc is severely wounded.
The orc barely misses you.
You hit the orc.
You kill the orc!
The orc throws a tomahawk.
The tomahawk barely misses you. The orc hits you with a short sword.
The orc closely misses you.
Items here: ( ) [ † a whip; a ring mail; a tomahawk; an orc corpse You slash the orc!
You kill the orc!
The orc priest invokes the aid of Beogh against you.
Something smites you!
The orc hits you with a vampiric hand axe.
The orc priest invokes the aid of Beogh against you.
Something smites you!
You die...

#..#####.# #..# #.# .#
##..#####.# #.##
##.........# ?..#
##.....###### ...
#...(...#### .. #
#..........# .#.####
#.......##.#####o......
##.....###...((@>o#
##...## ##########
#####


You could see an orc priest and an orc.

Vanquished Creatures
  Natasha (twice) (D:3)
  5 adders
  A gnoll (D:1)
  An ooze (D:2)
  A worm (D:2)
  3 giant geckos
  2 orcs (D:3)
  3 bats
  A giant cockroach (D:1)
  7 hobgoblins
  19 jackals
  A quokka (D:2)
  4 ball pythons (D:3)
  7 goblins
  5 kobolds
  4 rats
66 creatures vanquished.

Notes
Turn   | Place    | Note
--------------------------------------------------------------
     0 | D:1      | Fluffy the Demonspawn Gladiator began the quest for the Orb.
     0 | D:1      | Reached XP level 1. HP: 16/16 MP: 1/1
   441 | D:1      | Gained mutation: You are immune to rotting. [demonic ancestry]
   441 | D:1      | Reached XP level 2. HP: 22/22 MP: 2/2
   462 | D:1      | Reached skill level 1 in Armour
   712 | D:1      | Reached skill level 3 in Long Blades
  1130 | D:1      | Gained mutation: You have sharp fingernails. [demonic ancestry]
  1130 | D:1      | Reached XP level 3. HP: 23/28 MP: 3/3
  1660 | D:2      | Gained mutation: You are partially covered in icy blue scales (AC +1). [demonic ancestry]
  1660 | D:2      | Reached XP level 4. HP: 17/34 MP: 4/4
  2374 | D:2      | Found a snail-covered altar of Cheibriados.
  3039 | D:3      | Found an ancient bone altar of Kikubaaqudgha.
  3041 | D:3      | Noticed Natasha
  3051 | D:3      | Killed Natasha
  3051 | D:3      | Reached XP level 5. HP: 35/41 MP: 5/5
  3166 | D:3      | Noticed Natasha
  3172 | D:3      | Killed Natasha
  3229 | D:3      | Killed from afar by an orc priest

Vault maps used:
D:1:      dpeg_arrival_rooms_b
D:2:      nicolae_overflow_crystal_walls, kennysheep_generic_room_7
D:3:      overflow_temple_1_default, minmay_shallow_snake_nest, uniq_natasha

Action                   |  1- 3 |  4- 6 || total
-------------------------+-------+-------++-------
Melee: Long sword        |   117 |   128 ||   245
  Eat: Chunk             |     2 |     6 ||     8
